[Event "Early-Titled-Tuesday-Blitz-April-16-2024"]
[Site "Chess.com"]
[Date "2024.04.16"]
[Round "2"]
[White "viktorskliarov"]
[Black "shimastream"]
[Result "0-1"]
[WhiteElo "2622"]
[BlackElo "3036"]
[TimeControl "180+1"]
[EndTime "8:15:40 PDT"]
[Termination "shimastream won by resignation"]

1. e4 b6 2. d4 Bb7 3. Bd3 e6 4. Nf3 c5 5. c3 Nf6 6. Qe2 d5 7. e5 Nfd7 8. O-O Nc6 9. a3 Be7 10. b4 g5 11. Be3 h5 12. Nbd2 g4 13. Ne1 Qc7 14. f3 O-O-O 15. fxg4 f6 16. b5 Ncxe5 17. dxe5 fxe5 18. Ne4 Rdg8 19. g5 c4 20. Bc2 dxe4 21. Rd1 Nc5 22. Qxc4 Bxg5 23. Bxg5 Rxg5 24. Rf6 e3 25.
Qe2 Rhg8 26. Qxe3 Bxg2 27. Qxg5 Rxg5 28. Rf8+ Kb7 29. Nxg2 Rxg2+ 30. Kxg2 Qg7+ 0-1

[Event "Early-Titled-Tuesday-Blitz-April-16-2024"]
[Site "Chess.com"]
[Date "2024.04.16"]
[Round "2"]
[White "Yeritsyaan"]
[Black "Hikaru"]
[Result "0-1"]
[WhiteElo "2654"]
[BlackElo "3273"]
[TimeControl "180+1"]
[EndTime "8:15:41 PDT"]
[Termination "Hikaru won by resignation"]

1. d4 g6 2. e4 Bg7 3. Nc3 a6 4. Nf3 b5 5. Bd3 d6 6. O-O Nd7 7. Re1 c5 8. d5 Ngf6 9. a4 b4 10. Nb1 a5 11. Nbd2 Nb6 12. Nc4 Nfd7 13. Bg5 Nxc4 14.
Bxc4 Bxb2 15. Rb1 Bc3 16. Re3 h6 17. Bh4 Bg7 18. Bg3 O-O 19. e5 dxe5 20. Nxe5 Nxe5 21. Bxe5 Bxe5 22. Rxe5 Qd6 23. Qe2 Bd7 24. Rxe7 Bxa4 25. Re1 Rfe8 26. Rxe8+ Rxe8 27. Qd2 Rxe1+ 28. Qxe1 Bxc2 29.
Qd2 b3 30. h4 h5 31. Qc3 a4 32. Qb2 Qf4 33. Bb5 Qd4 34. Qc1 a3 35. d6 b2 36. Qxc2 a2 37. Qe2 b1=Q+ 0-1

[Event "Early-Titled-Tuesday-Blitz-April-16-2024"]
[Site "Chess.com"]
[Date "2024.04.16"]
[Round "2"]
[White "sorch29"]
[Black "LubovMarkelova"]
[Result "1-0"]
[WhiteElo "2472"]
[BlackElo "2170"]
[TimeControl "180+1"]
[EndTime "8:15:42 PDT"]
[Termination "sorch29 won on time"]

1. c4 c6 2. Nf3 d5 3. e3 Nf6 4.
Nc3 e6 5. b3 Nbd7 6. Bb2 Bd6 7.
d4 O-O 8. Bd3 b6 9. O-O Bb7 10.
Qe2 Rc8 11. Rfd1 Qe7 12. Rac1 Rfd8 13. h3 h6 14. e4 dxe4 15. Bxe4 Nxe4 16. Nxe4 Ba3 17.
Bxa3 Qxa3 18. c5 bxc5 19. dxc5 Ba6 20. Qc2 Nf6 21. Nd6 Rb8 22. Ne5 Bb5 23. Nexf7 Rf8 24. Qg6 Qxa2 25. Nxh6+ Kh8 26. Ndf7+ Rxf7 27. Nxf7+ Kg8 28.
Nh6+ Kh8 29. Nf7+ Kg8 30. Rc3 Qe2 31. Rdc1 Ne4 32. Rf3 Nd2 33. Rg3 1-0

[Event "Early-Titled-Tuesday-Blitz-April-16-2024"]
[Site "Chess.com"]
[Date "2024.04.16"]
[Round "2"]
[White "Evgeny81"]
[Black "ploxoi"]
[Result "1-0"]
[WhiteElo "2771"]
[BlackElo "2413"]
[TimeControl "180+1"]
[EndTime "8:15:44 PDT"]
[Termination "Evgeny81 won by resignation"]

1. e4 c5 2. Nf3 e6 3. d4 cxd4 4. Nxd4 Nc6 5. Nc3 Qc7 6. f4 a6 7.
Be3 d6 8. Qd2 Nf6 9. O-O-O b5 10.
Bd3 Bb7 11. Rhe1 Be7 12. h3 h5 13. Kb1 Rc8 14. Bf2 Na5 15. e5 dxe5 16. fxe5 Nd7 17. Nxe6 fxe6 18. Bg6+ Kd8 19. Bb6 Bc6 20. Bxc7+ Rxc7 21. Ne4 Nc4 22. Qf4 Rf8 23. Qg3 h4 24. Qg4 Bd5 25.
Ng5 Bxg5 26. Qxg5+ Kc8 27. Rxd5 exd5 28. e6 Rf2 29.
exd7+ Rxd7 30. Bf5 Nd2+ 31. Kc1 1-0

[Event "Early-Titled-Tuesday-Blitz-April-16-2024"]
[Site "Chess.com"]
[Date "2024.04.16"]
[Round "2"]
[White "NajdorfPlayerc5"]
[Black "SahibSinghKnight"]
[Result "0-1"]
[WhiteElo "2365"]
[BlackElo "2625"]
[TimeControl "180+1"]
[EndTime "8:15:49 PDT"]
[Termination "SahibSinghKnight won by resignation"]

1. d4 d5 2. c4 e6 3. Nf3 Nf6 4. g3 dxc4 5. Bg2 a6 6. a4 Nc6 7. O-O Rb8 8. Nc3 Bd7 9. e4 b5 10.
axb5 axb5 11. d5 Nb4 12. Nd4 e5 13. Nf3 Nd3 14. Bg5 h6 15. Bxf6 Qxf6 16. b4 Bxb4 17. Ne2 Bg4 18. Nc1 Nxc1 19. Rxc1 O-O 20. h3 Bd7 21. g4 Ba3 22. Ra1 b4 23. Nd2 c3 24. Nc4 Bb5 25. Qb3 Qa6 26. Nxa3 Bxf1 27. Bxf1 bxa3 28. Qxb8 Qxf1+ 29. Rxf1 Rxb8 30. Ra1 c2 31.
Kf1 Rb1+ 0-1

[Event "Early-Titled-Tuesday-Blitz-April-16-2024"]
[Site "Chess.com"]
[Date "2024.04.16"]
[Round "2"]
[White "ExtremeLearner"]
[Black "wonderfultime"]
[Result "0-1"]
[WhiteElo "2528"]
[BlackElo "2992"]
[TimeControl "180+1"]
[EndTime "8:15:51 PDT"]
[Termination "wonderfultime won on time"]

1. d4 d5 2. Nf3 Nf6 3. c4 c6 4.
Nc3 a6 5. Qc2 dxc4 6. e4 b5 7.
Be2 e6 8. O-O Be7 9. Rd1 Bb7 10.
Bg5 Nbd7 11. e5 Nd5 12. Ne4 O-O 13. h4 h6 14. Bxe7 Qxe7 15. Nd6 N7b6 16. b3 c3 17. Ne4 b4 18. Nc5 a5 19. g3 Bc8 20. Ne1 Nd7 21.
Ned3 f6 22. Nxd7 Bxd7 23. Bf3 Be8 24. Be4 f5 25. Bxd5 cxd5 26. Nc5 Bh5 27. Rd3 f4 28. gxf4 Rxf4 29. Rg3 Raf8 30. Re1 Qf7 31. Rf1 Rxh4 0-1

[Event "Early-Titled-Tuesday-Blitz-April-16-2024"]
[Site "Chess.com"]
[Date "2024.04.16"]
[Round "2"]
[White "bazar-wokzal"]
[Black "Durarbayli"]
[Result "0-1"]
[WhiteElo "2585"]
[BlackElo "2882"]
[TimeControl "180+1"]
[EndTime "8:15:53 PDT"]
[Termination "Durarbayli won by resignation"]

1. e4 e5 2. Bc4 Nf6 3. d3 c6 4. Nf3 d5 5. Bb3 a5 6. Nc3 Bb4 7.
a3 Bxc3+ 8. bxc3 a4 9. Ba2 Bg4 10. exd5 cxd5 11. h3 Bxf3 12. Qxf3 O-O 13. O-O Qa5 14.
Bd2 Nbd7 15. Qe2 Qc5 16. Rfb1 Rfb8 17. Rb4 b5 18. d4 exd4 19. Rxd4 Re8 20. Qf1 Nb6 21. Rb4 Nc4 22. Bc1 Ne4 23. Bxc4 dxc4 24. Be3 Qf5 25. Bd4 Ra6 26. Rab1 Nd2 27. Rxb5 Qe4 28.
Qd1 Rg6 29. f3 Nxf3+ 30. Kh1 Nxd4 0-1

[Event "Early-Titled-Tuesday-Blitz-April-16-2024"]
[Site "Chess.com"]
[Date "2024.04.16"]
[Round "2"]
[White "Skatchkov_V"]
[Black "ReinisUz"]
[Result "0-1"]
[WhiteElo "2652"]
[BlackElo "2366"]
[TimeControl "180+1"]
[EndTime "8:15:55 PDT"]
[Termination "ReinisUz won by resignation"]

1. d4 d5 2. c4 c6 3. cxd5 cxd5 4.
Bg5 Nc6 5. Nc3 h6 6. Bd2 Nf6 7.
Nf3 e6 8. Bf4 Bd6 9. Bg3 O-O 10.
e3 a6 11. Bd3 b5 12. O-O Bb7 13. Rc1 Rc8 14. e4 Bxg3 15. hxg3 dxe4 16. Nxe4 Nd5 17. Nc5 Qe7 18. Qe2 Nxd4 19. Nxd4 Rxc5 20. Nf5 Qc7 21. Nxg7 Rxc1 22. Nh5 Rxf1+ 23. Kh2 Qc1 24. g4 Rh1+ 25.
Kg3 Rxh5 26. gxh5 0-1

[Event "Early-Titled-Tuesday-Blitz-April-16-2024"]
[Site "Chess.com"]
[Date "2024.04.16"]
[Round "2"]
[White "arnash_bauyrzhan"]
[Black "Ginzburg_Yakov"]
[Result "0-1"]
[WhiteElo "2332"]
[BlackElo "2538"]
[TimeControl "180+1"]
[EndTime "8:15:55 PDT"]
[Termination "Ginzburg_Yakov won by resignation"]

1. e4 c5 2. Nf3 e6 3. d4 cxd4 4. Nxd4 Nf6 5. Nc3 Nc6 6. g3 Qb6 7. Nb3 h5 8. Be3 Qc7 9. Nb5 Qb8 10. Bf4 e5 11. Bg5 Nxe4 12. Be3 a6 13. Bg2 Nxf2 14. Kxf2 axb5 15. Re1 h4 16. Bf4 Qa7+ 17. Kf1 d6 18.
Qd5 Be6 19. Qxb5 Qa6 20. Bxc6+ bxc6 21. Qxa6 Rxa6 22. Bg5 hxg3 23. hxg3 Rh1+ 24. Kf2 Rh2+ 25. Kg1 Rxc2 26. Red1 d5 27. Rdc1 Rxb2 0-1

[Event "Early-Titled-Tuesday-Blitz-April-16-2024"]
[Site "Chess.com"]
[Date "2024.04.16"]
[Round "2"]
[White "ozates"]
[Black "jinxy2009"]
[Result "1-0"]
[WhiteElo "2530"]
[BlackElo "2310"]
[TimeControl "180+1"]
[EndTime "8:15:56 PDT"]
[Termination "ozates won by checkmate"]

1. g3 Nf6 2. Bg2 g6 3. c4 Bg7 4.
Nc3 c5 5. Nf3 O-O 6. O-O Nc6 7.
a3 a6 8. d3 Rb8 9. e4 d6 10.
Nh4 b5 11. f4 Nd7 12. e5 Nd4 13. exd6 exd6 14. f5 Ne5 15. Nd5 Nxf5 16. Nxf5 Bxf5 17. Rxf5 gxf5 18. Qh5 Ng6 19. Bg5 f6 20. Bf4 Nxf4 21. Nxf4 Qe8 22. Bd5+ Kh8 23. Qxf5 Qe5 24. Qh3 Qe3+ 25.
Kf1 h6 26. Re1 Qd4 27. Ng6+ Kh7 28. Qf5 Rfe8 29. Nf8+ Kh8 30. Qh7# 1-0

[Event "Early-Titled-Tuesday-Blitz-April-16-2024"]
[Site "Chess.com"]
[Date "2024.04.16"]
[Round "2"]
[White "Jospem"]
[Black "SashaKuzhilniy"]
[Result "1-0"]
[WhiteElo "3079"]
[BlackElo "2641"]
[TimeControl "180+1"]
[EndTime "8:15:57 PDT"]
[Termination "Jospem won on time"]

1. e4 e5 2. Nf3 Nc6 3. Nc3 Nf6 4. h3 g6 5. Bc4 Bg7 6. d3 d6 7. Be3 a6 8. a3 Be6 9. Bxe6 fxe6 10. Ne2 O-O 11. Ng3 Ne7 12. O-O c5 13. b4 b6 14.
c3 Nc6 15. Rb1 Qd7 16. a4 cxb4 17. cxb4 b5 18. axb5 axb5 19. d4 exd4 20. Nxd4 Ne5 21. Qe2 Nc4 22. Rfd1 Nxe3 23. Qxe3 Ne8 24. Nf3 Nc7 25.
Rbc1 Rfc8 26. h4 Na6 27. Rb1 Rc4 28. h5 Nxb4 29. hxg6 hxg6 30. Qg5 Qf7 31. Qxb5 1-0

[Event "Early-Titled-Tuesday-Blitz-April-16-2024"]
[Site "Chess.com"]
[Date "2024.04.16"]
[Round "2"]
[White "dianamirza"]
[Black "Flaccidmoves"]
[Result "0-1"]
[WhiteElo "1954"]
[BlackElo "2434"]
[TimeControl "180+1"]
[EndTime "8:15:57 PDT"]
[Termination "Flaccidmoves won by resignation"]

1. d4 g6 2. c4 Bg7 3. Nc3 c5 4. e3 Nf6 5. Nf3 O-O 6. Be2 d6 7. O-O Nc6 8. d5 Ne5 9. Nxe5 dxe5 10. e4 Ne8 11. Be3 b6 12. Qd2 Nd6 13. Bh6 f5 14.
Bxg7 Kxg7 15. f3 f4 16. a4 a5 17. Nb5 Bd7 18. g3 Bxb5 19. axb5 g5 20. gxf4 gxf4 21. Kf2 Kf6 22. Rg1 Rg8 23. Rg4 Rxg4 24. fxg4 Nxe4+ 0-1

[Event "Early-Titled-Tuesday-Blitz-April-16-2024"]
[Site "Chess.com"]
[Date "2024.04.16"]
[Round "2"]
[White "Lukianoo"]
[Black "imdvb6307"]
[Result "1-0"]
[WhiteElo "2847"]
[BlackElo "2527"]
[TimeControl "180+1"]
[EndTime "8:15:58 PDT"]
[Termination "Lukianoo won on time"]

1. e4 Nc6 2. d4 d5 3. e5 Bf5 4. c3 e6 5. h4 f6 6. g4 Be4 7. f3 Bxb1 8. Rxb1 fxe5 9. Ne2 Be7 10. g5 Bd6 11. Bh3 Qd7 12. b4 Nge7 13. b5 Na5 14. dxe5 Bxe5 15. f4 Bd6 16. Nd4 Nf5 17. O-O Bc5 18.
Kh2 Bxd4 19. cxd4 O-O 20. Ba3 Rf7 21. Qe2 Nc4 22. Bb2 Ncd6 23. h5 Ne4 24. Rf3 Nfd6 25. Ba1 Raf8 26. Rbf1 Re7 27. a4 Nc4 28. f5 exf5 29.
Bxf5 Qd6+ 30. Kg2 Ng3 31. Be6+ Rff7 32. Rxf7 Nxf1 33. Rxe7+ Kf8 34. Rf7+ Ke8 35. Rxf1 Qe7 36. Bf7+ Kd8 37. Qxe7+ Kxe7 38. g6 Ne3+ 39. Kf2 1-0

[Event "Early-Titled-Tuesday-Blitz-April-16-2024"]
[Site "Chess.com"]
[Date "2024.04.16"]
[Round "2"]
[White "Tagir45"]
[Black "frederiksvane"]
[Result "0-1"]
[WhiteElo "2626"]
[BlackElo "3042"]
[TimeControl "180+1"]
[EndTime "8:16:00 PDT"]
[Termination "frederiksvane won by resignation"]

1. d4 Nf6 2. c4 e6 3. Nf3 Bb4+ 4. Bd2 Be7 5. Nc3 O-O 6. e4 d6 7. Bd3 e5 8. d5 Na6 9. O-O Nc5 10. Bc2 a5 11. b3 Ne8 12. a3 g6 13. b4 Na6 14.
Rb1 Ng7 15. Ne1 Bg5 16. Nd3 Qe7 17. Qc1 Bxd2 18. Qxd2 Nh5 19. Rbe1 Bd7 20. b5 Nc5 21. Nxc5 dxc5 22. b6 cxb6 23. Rb1 Qd6 24. Ba4 Rfd8 25. Bxd7 Rxd7 26. Na4 Ra6 27. Rb3 Qf6 28. Rfb1 Rd6 29. Qb2 Qh4 30. f3 Qg5 31. Nxb6 a4 32. Rb5 Qe3+ 33.
Kh1 Ng3+ 34. hxg3 g5 0-1

[Event "Early-Titled-Tuesday-Blitz-April-16-2024"]
[Site "Chess.com"]
[Date "2024.04.16"]
[Round "2"]
[White "Klendi"]
[Black "campochess"]
[Result "0-1"]
[WhiteElo "2463"]
[BlackElo "2214"]
[TimeControl "180+1"]
[EndTime "8:16:02 PDT"]
[Termination "campochess won by resignation"]

1. e4 c5 2. c3 Nc6 3. d4 cxd4 4.
cxd4 d6 5. Nc3 Nf6 6. h3 e5 7. d5 Ne7 8. f4 exf4 9. Bxf4 Ng6 10. Be3 Be7 11. Nf3 O-O 12. Bd3 a6 13. O-O b5 14. Nd4 Bd7 15. Rc1 b4 16. Nce2 Ne5 17. Nc6 Bxc6 18. dxc6 Nxd3 19. Qxd3 d5 20. e5 Ne4 21.
Nf4 Bg5 22. Qxd5 Ng3 23. Qxd8 Rfxd8 24. Rfe1 Nf5 25. Nd5 Nxe3 26. Nxe3 Rd3 27. Kf2 Re8 28. c7 Rc8 29. Kf3 Rd7 30. Rc6 Rdxc7 31. Rxa6 g6 32.
Rd1 Bxe3 33. Kxe3 Re7 34. Ke4 Rc5 35. Rd5 Rc2 36. b3 Rxg2 37. Rb5 Rh2 38. Rxb4 Re2+ 39.
Kf3 R7xe5 40. Rf4 R5e3+ 41. Kg4 Rg2+ 42. Kh4 g5+ 43. Kh5 gxf4 44. Kh6 Rg6+ 0-1

[Event "Early-Titled-Tuesday-Blitz-April-16-2024"]
[Site "Chess.com"]
[Date "2024.04.16"]
[Round "2"]
[White "artin10862"]
[Black "Mikhail_Golubev"]
[Result "1-0"]
[WhiteElo "2950"]
[BlackElo "2607"]
[TimeControl "180+1"]
[EndTime "8:16:04 PDT"]
[Termination "artin10862 won on time"]

1. d4 Nf6 2. Nf3 d6 3. g3 g6 4. Bg2 Bg7 5. O-O O-O 6. Nc3 Nbd7 7. a4 a5 8. b3 e5 9. dxe5 dxe5 10. Ba3 Re8 11.
Nd2 Bf8 12. Bb2 Bg7 13. Qc1 Nc5 14. Rd1 Nfd7 15. Nde4 Ne6 16. Nb5 f5 17. Nec3 Ra6 18.
e4 f4 19. Qd2 g5 20. Bh3 Nd4 21. Nxd4 exd4 22. Nb5 Rxe4 23. Bg2 Re8 24. Bxd4 Nf6 25. Qc3 1-0

[Event "Early-Titled-Tuesday-Blitz-April-16-2024"]
[Site "Chess.com"]
[Date "2024.04.16"]
[Round "2"]
[White "kleber2007"]
[Black "kekic76"]
[Result "1-0"]
[WhiteElo "2589"]
[BlackElo "2352"]
[TimeControl "180+1"]
[EndTime "8:16:04 PDT"]
[Termination "kleber2007 won by resignation"]

1. Nf3 d5 2. g3 Bf5 3. c4 e6 4.
Bg2 c6 5. O-O Nf6 6. cxd5 cxd5 7. Qb3 b6 8. Nc3 Be7 9. d3 O-O 10.
e4 dxe4 11. dxe4 Nxe4 12. Ne5 Bf6 13. Rd1 Qc7 14. Nxe4 Bxe5 15. Be3 Nc6 16. Rac1 Rac8 17. Rxc6 Qxc6 18. Nf6+ Bxf6 19. Bxc6 Rxc6 20. Rc1 Rfc8 21. Rxc6 Rxc6 22. Qa4 Be4 23. Qxe4 1-0

[Event "Early-Titled-Tuesday-Blitz-April-16-2024"]
[Site "Chess.com"]
[Date "2024.04.16"]
[Round "2"]
[White "OparinGrigoriy"]
[Black "WilsonPalencia21"]
[Result "1-0"]
[WhiteElo "2975"]
[BlackElo "2611"]
[TimeControl "180+1"]
[EndTime "8:16:05 PDT"]
[Termination "OparinGrigoriy won by resignation"]

1. a3 g6 2. h4 h5 3. Nf3 Bg7 4. e4 c5 5. Nc3 Nc6 6. b4 cxb4 7. axb4 Nxb4 8. Ba3 Nc6 9. d4 d6 10. Bc4 Nh6 11.
Ne2 O-O 12. c3 Bg4 13. Ng5 Bxe2 14. Qxe2 e6 15. O-O Re8 16. Rab1 Qd7 17. Qf3 Rac8 18. Ba2 f6 19. Nh3 Kh7 20. Rfd1 Ng4 21. Nf4 Bh6 22. Nxe6 Rxe6 23. Bxe6 Qxe6 24. d5 Qe7 25. dxc6 Rxc6 26. Qd3 f5 27. exf5 Qxh4 28. fxg6+ Kh8 29. Qd4+ Bg7 30.
Qf4 Rc4 31. Qg3 Qg5 32. Rxb7 Be5 33. Qf3 Rf4 34. Rh7+ 1-0

[Event "Early-Titled-Tuesday-Blitz-April-16-2024"]
[Site "Chess.com"]
[Date "2024.04.16"]
[Round "2"]
[White "mapleaff"]
[Black "Bastiandash"]
[Result "0-1"]
[WhiteElo "2323"]
[BlackElo "2536"]
[TimeControl "180+1"]
[EndTime "8:16:05 PDT"]
[Termination "Bastiandash won by checkmate"]

1. d4 g6 2. c4 Bg7 3. Nc3 d6 4. e4 Nd7 5. Nf3 e5 6. Be3 Ne7 7. Be2 O-O 8. O-O h6 9. Qd2 Kh7 10. dxe5 Nxe5 11. Nxe5 dxe5 12. Qxd8 Rxd8 13. Rfd1 Be6 14.
h3 c6 15. b3 f5 16. f3 h5 17. Bg5 Rxd1+ 18. Rxd1 Re8 19. Rd6 Nc8 20. Rd2 Bh6 21.
Bxh6 Kxh6 22. Nd1 Kg5 23. Kf2 h4 24. Ne3 Kf6 25. g3 hxg3+ 26. Kxg3 f4+ 27. Kf2 fxe3+ 28. Kxe3 Bxh3 29. f4 exf4+ 30. Kxf4 g5+ 31. Kg3 Be6 32. Bd3 Ke5 33. Kf3 Nd6 34. Ke3 Rf8 35. Rg2 g4 36.
Be2 Rf4 37. Bd3 Nxe4 38. Bxe4 Rxe4+ 39. Kd3 Bf5 40. Kc3 Re3+ 41. Kb4 g3 42. Kc5 Be4 43. Rg1 g2 44. b4 b6# 0-1

[Event "Early-Titled-Tuesday-Blitz-April-16-2024"]
[Site "Chess.com"]
[Date "2024.04.16"]
[Round "2"]
[White "cansun"]
[Black "HamedWafa4"]
[Result "0-1"]
[WhiteElo "2415"]
[BlackElo "2803"]
[TimeControl "180+1"]
[EndTime "8:16:06 PDT"]
[Termination "HamedWafa4 won on time"]

1. d4 Nf6 2. c4 e6 3. Nf3 Bb4+ 4.
Bd2 Be7 5. Nc3 O-O 6. g3 d5 7.
cxd5 exd5 8. Bg2 c6 9. O-O h6 10. Re1 Bf5 11. Bf4 a5 12. Rc1 Nbd7 13. Ne5 Re8 14. e4 dxe4 15. Nxe4 Nxe4 16. Bxe4 Bxe4 17. Rxe4 Nf6 18. Re2 Nd5 19. Bd2 Bd6 20. Bc3 Qg5 21. Qd2 Qxd2 22. Bxd2 f6 23. f4 fxe5 24. dxe5 Bb4 25. a3 Bxd2 26. Rxd2 a4 27. Rc4 Ra5 28. Rdd4 Rb5 29. Rd2 Ra8 30. Kf2 g6 31. g4 Kf7 32.
f5 gxf5 33. gxf5 Rg8 34. h4 Ke7 35. Rxa4 Rf8 36. f6+ Ke6 37. Re4 Rb3 38. Rde2 Rg8 39. Rd4 Rh3 40. a4 Rh2+ 41. Ke1 Rxe2+ 42. Kxe2 Kxe5 0-1

[Event "Early-Titled-Tuesday-Blitz-April-16-2024"]
[Site "Chess.com"]
[Date "2024.04.16"]
[Round "2"]
[White "jbking07"]
[Black "JAN2404"]
[Result "1-0"]
[WhiteElo "2431"]
[BlackElo "1912"]
[TimeControl "180+1"]
[EndTime "8:16:06 PDT"]
[Termination "jbking07 won by resignation"]

1. e4 c5 2. Nf3 d6 3. Bb5+ Bd7 4. Bxd7+ Qxd7 5. O-O Nf6 6. Qe2 Nc6 7. c3 e6 8. d4 cxd4 9. cxd4 Be7 10. Nc3 O-O 11.
Bf4 d5 12. e5 Ne8 13. Rfc1 Nc7 14. h4 Na5 15. g3 Nc4 16. Bg5 Bb4 17. b3 Nb6 18. a3 Bxc3 19. Rxc3 f6 20. exf6 gxf6 21. Bh6 Rfe8 22. a4 a5 23. Rac1 Rac8 24. Nh2 e5 25. Ng4 Re6 26. Qc2 Rc6 27. Rxc6 bxc6 28. Nxf6+ 1-0

[Event "Early-Titled-Tuesday-Blitz-April-16-2024"]
[Site "Chess.com"]
[Date "2024.04.16"]
[Round "2"]
[White "ActorXu"]
[Black "Squirlolz"]
[Result "1-0"]
[WhiteElo "2862"]
[BlackElo "2577"]
[TimeControl "180+1"]
[EndTime "8:16:07 PDT"]
[Termination "ActorXu won by resignation"]

1. e4 g6 2. d4 Bg7 3. Nc3 c5 4. Nf3 cxd4 5. Nxd4 Nc6 6. Be3 Nf6 7. Bc4 O-O 8. Bb3 d6 9. f3 Bd7 10. Qd2 Qa5 11.
O-O-O Rfc8 12. Kb1 Ne5 13. Bg5 Nc4 14. Bxc4 Rxc4 15. Bxf6 exf6 16. Nb3 Qc7 17. Qxd6 Be6 18. Qxc7 Rxc7 19. Nd4 Rac8 20. Ncb5 Rc5 21. Nd6 Rb8 22. b4 Rc7 23. Nxe6 fxe6 24. c4 f5 25. exf5 exf5 26. a3 Bf8 27. c5 b6 28. Nb5 Re7 29. c6 Re2 30. c7 Rbe8 31. Rd8 Bg7 32. c8=Q Rb2+ 33.
Kc1 1-0

[Event "Early-Titled-Tuesday-Blitz-April-16-2024"]
[Site "Chess.com"]
[Date "2024.04.16"]
[Round "2"]
[White "Korchmar_Vasiliy"]
[Black "yonaltimur"]
[Result "1-0"]
[WhiteElo "2708"]
[BlackElo "2430"]
[TimeControl "180+1"]
[EndTime "8:16:08 PDT"]
[Termination "Korchmar_Vasiliy won by resignation"]

1. e4 c5 2. d4 cxd4 3. Qxd4 Nc6 4. Qd3 d6 5. Nc3 Nf6 6. Nf3 g6 7. Be2 Bg7 8. O-O O-O 9. Nd5 Nxd5 10. exd5 Nb4 11.
Qd1 Bf5 12. c3 Na6 13. Nd4 Bd7 14. Bxa6 bxa6 15. Re1 Rc8 16. Bg5 Re8 17. Qd2 Bxd4 18. Qxd4 f6 19. Be3 Rc7 20. c4 Qb8 21. Rac1 Rec8 22. Bd2 Be8 23. b4 Qb6 24. Qd3 a5 25. a3 Qa6 26. Re4 Bb5 27. Qe3 Rxc4 28. Rexc4 Rxc4 29. Rxc4 Bxc4 30. Qxe7 Qc8 31. Bh6 1-0

[Event "Early-Titled-Tuesday-Blitz-April-16-2024"]
[Site "Chess.com"]
[Date "2024.04.16"]
[Round "2"]
[White "Alonmindlin"]
[Black "ilya2700"]
[Result "1-0"]
[WhiteElo "2667"]
[BlackElo "2319"]
[TimeControl "180+1"]
[EndTime "8:16:08 PDT"]
[Termination "Alonmindlin won by resignation"]

1. e4 c5 2. c3 e6 3. d4 d5 4. exd5 exd5 5. Be3 cxd4 6. Bxd4 Nc6 7. Bb5 Bd7 8. Nf3 Nf6 9. O-O Be7 10. Bxf6 Bxf6 11. Re1+ Be7 12. Qxd5 O-O 13. Nbd2 Bf6 14. Ne4 Be6 15.
Qxd8 Bxd8 16. Nc5 Bg4 17. Bxc6 bxc6 18. Ne5 Bb6 19. Ncd7 Bxd7 20. Nxd7 Rfd8 21. Rad1 h6 22. Kf1 Rac8 23. Ne5 Re8 24. Nc4 Bc5 25. b4 Bb6 26. Nd6 Red8 27. Nxc8 Rxc8 28. Rd7 c5 29. b5 Ba5 30.
Red1 Kh7 31. c4 Re8 32. Rxa7 Bb4 33. Rxf7 Re4 34. b6 Re6 35. b7 Rb6 36. g4 Ba5 37.
Rdd7 h5 38. Rxg7+ Kh8 39. Rge7 Rb1+ 40. Kg2 Re1 41. b8=R+ 1-0

[Event "Early-Titled-Tuesday-Blitz-April-16-2024"]
[Site "Chess.com"]
[Date "2024.04.16"]
[Round "2"]
[White "KanalSzachowy"]
[Black "Kobalia"]
[Result "0-1"]
[WhiteElo "2417"]
[BlackElo "2805"]
[TimeControl "180+1"]
[EndTime "8:16:09 PDT"]
[Termination "Kobalia won by checkmate"]

1. e4 c5 2. Nc3 Nc6 3. Bb5 Nd4 4. Nf3 Nxb5 5. Nxb5 d6 6. d4 cxd4 7. Qxd4 Bd7 8. Nc3 Bc6 9. Bg5 h6 10. Bh4 Qc7 11.
O-O e5 12. Qd3 Be7 13. Bg3 Nf6 14. Rfe1 O-O 15. Nh4 g6 16. Qd2 Kg7 17. f4 Nh5 18. f5 Nxg3 19. hxg3 b5 20. Rf1 Bg5 21.
Qe2 b4 22. Nd1 Qb6+ 23. Kh1 Bb5 24. Qf3 Bxf1 25. Qxf1 Rac8 26. c3 bxc3 27. Nxc3 Qxb2 28. Nd5 Qxa1 29. f6+ Kh7 30. Kh2 Qxf1 31. Ne7 Rc1 32.
g4 Bf4+ 33. Kh3 Qh1# 0-1

[Event "Early-Titled-Tuesday-Blitz-April-16-2024"]
[Site "Chess.com"]
[Date "2024.04.16"]
[Round "2"]
[White "BenchGM"]
[Black "CristianS27"]
[Result "0-1"]
[WhiteElo "2310"]
[BlackElo "2530"]
[TimeControl "180+1"]
[EndTime "8:16:10 PDT"]
[Termination "CristianS27 won by resignation"]

1. e4 e5 2. Nf3 Nc6 3. Bb5 a6 4. Ba4 Nf6 5. O-O Nxe4 6. d4 b5 7.
Bb3 d5 8. Nxe5 Nxe5 9. dxe5 c6 10. a4 Be6 11. axb5 axb5 12. Rxa8 Qxa8 13. Nd2 Nc5 14. f4 Qc8 15. Ba2 Be7 16. Nf3 O-O 17. Nd4 Bf5 18. c3 Nd3 19. Be3 Nxb2 20. Qh5 Bg4 21. Qxg4 Qxg4 22.
Nxc6 Ba3 23. Bxd5 Nc4 24. Bd4 h5 25. Re1 Qxf4 26. e6 fxe6 27. Bxe6+ Kh8 28. Ne5 Nxe5 0-1

[Event "Early-Titled-Tuesday-Blitz-April-16-2024"]
[Site "Chess.com"]
[Date "2024.04.16"]
[Round "2"]
[White "TitarovVasiliYouTube"]
[Black "TigrVShlyape"]
[Result "0-1"]
[WhiteElo "2603"]
[BlackElo "2941"]
[TimeControl "180+1"]
[EndTime "8:16:12 PDT"]
[Termination "TigrVShlyape won by resignation"]

1. e4 e5 2. Nf3 Nc6 3. Be2 Nf6 4. d3 d6 5. O-O g6 6. c4 Bg7 7. Nc3 O-O 8. Bg5 h6 9. Bxf6 Bxf6 10. Nd5 Bg7 11.
b4 a5 12. b5 Nb8 13. a4 Nd7 14. Nd2 Nc5 15. Nb3 Ne6 16. g3 c6 17. Ne3 f5 18.
Ng2 f4 19. bxc6 bxc6 20. Rc1 c5 21. Rb1 Rb8 22. Bg4 Rb4 23. Nd2 Nd4 24. Bxc8 Qxc8 25. Rxb4 axb4 26. Nb3 f3 27. Ne3 Ne2+ 28. Kh1 Qh3 29.
Nd2 Nd4 30. Rg1 h5 31. Nb3 Ne2 32. Nd2 Nxg1 33. Qxg1 Bh6 34. Ndf1 Ra8 35. Nd2 Bxe3 36. fxe3 Rxa4 37. Nxf3 b3 38. Ng5 Qg4 39. Qb1 Qe2 0-1

[Event "Early-Titled-Tuesday-Blitz-April-16-2024"]
[Site "Chess.com"]
[Date "2024.04.16"]
[Round "2"]
[White "TERMINATOR_PC"]
[Black "SchmakAttack"]
[Result "1-0"]
[WhiteElo "2588"]
[BlackElo "2823"]
[TimeControl "180+1"]
[EndTime "8:16:12 PDT"]
[Termination "TERMINATOR_PC won by resignation"]

1. e4 e5 2. Nf3 Nc6 3. Bc4 Bc5 4.
O-O Nf6 5. d3 d6 6. c3 a6 7.
Nbd2 Ba7 8. Re1 Ng4 9. Re2 O-O 10.
h3 Nh6 11. Nf1 Kh8 12. Bxh6 gxh6 13. Ng3 f5 14. exf5 Bxf5 15. Nxf5 Rxf5 16. d4 exd4 17. Nxd4 Nxd4 18. cxd4 Qh4 19. Rd2 Rxf2 20. Rxf2 Bxd4 21. Qd2 Bxf2+ 22. Qxf2 Qxc4 23. Qf6+ Kg8 24. Rf1 Qe2 25. Rf3 1-0

[Event "Early-Titled-Tuesday-Blitz-April-16-2024"]
[Site "Chess.com"]
[Date "2024.04.16"]
[Round "2"]
[White "scarabee43"]
[Black "YegoryoCh"]
[Result "1-0"]
[WhiteElo "2831"]
[BlackElo "2569"]
[TimeControl "180+1"]
[EndTime "8:16:12 PDT"]
[Termination "scarabee43 won by resignation"]

1. Nf3 d5 2. e3 Nf6 3. c4 e6 4.
Nc3 b6 5. b3 Bb7 6. Bb2 Nbd7 7.
Be2 Bd6 8. cxd5 exd5 9. Qc2 a6 10. O-O O-O 11. Rac1 Qe7 12. d4 Ne4 13. Nxe4 dxe4 14. Nd2 c5 15. Nc4 Bc7 16. Qc3 f6 17. Rfd1 Rac8 18.
a4 cxd4 19. Qxd4 Nc5 20. Nd6 Bxd6 21. Qxd6 Qxd6 22. Rxd6 Nxb3 23. Bc4+ Rxc4 24. Rxc4 b5 25. Rc7 Bc8 26. axb5 axb5 27. h3 Na5 28. Rd5 Nc4 29. Bc3 Be6 30. Rxb5 Rf7 31. Rb8+ Rf8 32. Rbb7 Rf7 33.
Rxf7 Bxf7 34. Rb8+ 1-0